 Dungeon Sprint DCSS version 0.16.1-11-g651b585 (webtiles) character file.

1700000 Ryushun the Conqueror (level 14, -49/168 HPs)
             Began as a Hill Orc Berserker on Mar 30, 2015.
             Was a Believer of Trog.
             Annihilated by a meat berserker
             ... wielding a +9 battleaxe
              (60 damage)
             ... in the Dungeon (Sprint VIII: "Arena of Blood").
             The game lasted 00:01:19 (17 turns).

Ryushun the Conqueror (Hill Orc Berserker)            Turns: 17, Time: 00:01:19

Health: -49/168    AC:  3    Str: 25    XL:     14   Next: 64%
Magic:  14/14      EV: 19    Int:  7    God:    Trog [**....]
Gold:   0          SH:  0    Dex: 10    Spells: 0 memorised, 13 levels left

rFire  . . .     SeeInvis .     i - +∞ Axe of Woe
rCold  . . .     Clarity  .     b - +0 animal skin
rNeg   . . .     SustAb   .     (no shield)
rPois  .         Gourm    .     (no helmet)
rElec  .         Spirit   .     (no cloak)
rCorr  .         Warding  .     (no gloves)
rMut   .         NoTele   +     (no boots)
MR     +....                    (no amulet)
Stlth  +.........               (no ring)
                                (no ring)

@: somewhat resistant to hostile enchantments, very unstealthy
A: no striking features
a: Burn Spellbooks, Berserk, Trog's Hand, Renounce Religion


You were in the Dungeon.
You worshipped Trog.
Trog was pleased with you.
You were not hungry.

You visited 1 branch

Inventory:

Hand weapons
 i - the +∞ Axe of Woe (weapon)
   (You found it in the Dungeon)
Armour
 b - a +0 animal skin (worn)
Scrolls
 h - a scroll of blinking
Potions
 c - a potion of curing
 e - a potion of haste
 f - 2 potions of magic
 g - a potion of berserk rage
Comestibles
 a - a meat ration


   Skills:
 O Level 27 Fighting
 * Level 23.9 Axes
 + Level 15.2 Armour
 * Level 15.7 Dodging
 - Level 3.2 Unarmed Combat


You had 13 spell levels left.
You didn't know any spells.

Dungeon Overview and Level Annotations

Branches:
Dungeon (1/1)

Altars:
Makhleb


Message History

You hear a shout!
The meat berserker rages.
You hear a shout! x6 2 ogres come into view.
You hear a shout! x5
The meat berserker hits you with a +9 battleaxe!!
* * * LOW HITPOINT WARNING * * *
You hear a shout! x3 2 orcs come into view.
The bag of meat shouts!
You hear a shout!
You hear a shout!
You hear a shout!
The meat berserker rages.
You hear a shout! x4
The bag of meat moves out of view.
You hear a shout!
A bag of meat comes into view.
It is wielding a +9 war axe. 2 orcs come into view.
The bag of meat shouts! x2
You hear a shout! x6
The meat berserker hits you with a +9 battleaxe!!!
You die...

..#oo........
....o.......... ....oo.
......... #......o
#.......# ....#....
#.......#
.#......###.......###.
.......O...))###......
......#..O.oo.._.......
#...@O..#)....#....
#..........#_.<._#
...#.......#o....#
.....#...O...._......
.............###......
.......###... ..###. .
..... #.o. ..# ......
#... .# ... ... ..


You could see 4 meat berserkers and 9 bags of meat.

Vanquished Creatures
  5 orcs (D)
5 creatures vanquished.

Notes
Turn   | Place    | Note
--------------------------------------------------------------
     0 | D        | Ryushun, the Hill Orc Berserker, began the quest for the Orb.
     0 | D        | Reached XP level 1. HP: 19/19 MP: 1/1
     5 | D        | Noticed a bag of meat
     6 | D        | Noticed a bag of meat
     7 | D        | Noticed a bag of meat
     9 | D        | Noticed a bag of meat
     9 | D        | Noticed a bag of meat
     9 | D        | Killed a bag of meat
     9 | D        | Reached skill level 20 in Fighting
     9 | D        | Reached XP level 2. HP: 3/56 MP: 2/2
     9 | D        | Reached XP level 3. HP: 3/63 MP: 3/3
     9 | D        | Reached XP level 4. HP: 3/71 MP: 4/4
     9 | D        | Reached XP level 5. HP: 3/79 MP: 5/5
     9 | D        | Reached XP level 6. HP: 3/86 MP: 6/6
     9 | D        | Reached XP level 7. HP: 3/94 MP: 7/7
     9 | D        | Reached XP level 8. HP: 3/102 MP: 8/8
     9 | D        | Reached XP level 9. HP: 3/108 MP: 9/9
     9 | D        | Reached XP level 10. HP: 3/117 MP: 10/10
     9 | D        | Reached XP level 11. HP: 3/124 MP: 11/11
    10 | D        | Noticed a bag of meat
    10 | D        | Noticed a bag of meat
    10 | D        | Killed a bag of meat
    10 | D        | Acquired Trog's second power
    10 | D        | Reached skill level 22 in Fighting
    10 | D        | Reached XP level 12. HP: 3/139 MP: 12/12
    11 | D        | Noticed a meat berserker
    11 | D        | Noticed a meat berserker
    13 | D        | Killed a bag of meat
    13 | D        | Reached skill level 24 in Fighting
    13 | D        | Reached XP level 13. HP: 33/151 MP: 13/13
    14 | D        | Killed a bag of meat
    14 | D        | Reached skill level 25 in Fighting
    14 | D        | Reached skill level 15 in Dodging
    14 | D        | Reached XP level 14. HP: 35/163 MP: 14/14
    14 | D        | Killed a bag of meat
    14 | D        | Reached skill level 27 in Fighting
    14 | D        | Reached skill level 15 in Armour
    15 | D        | Noticed a meat berserker
    15 | D        | Noticed a meat berserker
    16 | D        | Noticed a bag of meat
    16 | D        | Noticed a bag of meat
    17 | D        | Noticed a bag of meat
    17 | D        | Noticed a bag of meat
    17 | D        | Noticed a bag of meat
    17 | D        | Annihilated by a meat berserker

Action                   |  1- 3 |  4- 6 |  7- 9 | 10-12 | 13-15 || total
-------------------------+-------+-------+-------+-------+-------++-------
Melee: Executioner's axe |     1 |       |       |     2 |     1 ||     4
  Use: Potion            |       |       |       |     1 |       ||     1
